 Dungeon Crawl Stone Soup version 0.31-a0-744-gbc345e7fcb (webtiles) character file.

Game seed: 15797165658441856418

62 Bravepunisher the Ducker (level 3, 0/20 HPs)
             Began as a Spriggan Monk on Sept 13, 2023.
             Slain by a hound (5 damage)
             ... on level 6 of the Dungeon.
             The game lasted 00:03:34 (979 turns).

Bravepunisher the Ducker (Spriggan Monk)             Turns: 979, Time: 00:03:35

Health: 0/20       AC:  2    Str:  7    XL:     3   Next: 85%
Magic:  4/4        EV: 20    Int: 11    God:
Gold:   9          SH:  0    Dex: 19    Spells: 2/2 levels left

rFire   . . .        a - +0 short sword
rCold   . . .        d - orb {light}
rNeg    . . .        b - +0 robe
rPois   .            (helmet restricted)
rElec   .            (no cloak)
rCorr   .            (gloves unavailable)
SInv    +            (boots unavailable)
Will    .....        (no amulet)
Stlth   +            (no ring)
HPRegen 0.23/turn    (no ring)
MPRegen 0.09/turn

%: no passive effects
@: glowing, very quick
A: very small, no large weapons, unfitting armour, see invisible, speed 3
a: no special abilities


You were on level 6 of the Dungeon.
You visited 1 branch of the dungeon, and saw 6 of its levels.

You collected 9 gold pieces.

Inventory:

Hand Weapons
 a - a +0 short sword (weapon)
Armour
 b - a +0 robe (worn)
 d - an orb of light (worn)
Potions
 e - a potion of lignification


   Skills:
 + Level 3.0 Fighting
 - Level 3.2 Short Blades
 * Level 5.7 Dodging


You had 2 spell levels left.
You didn't know any spells.
Your spell library was empty.

Dungeon Overview and Level Annotations

Branches:
Dungeon (6/15)
 Temple: D:4-7

Altars:
Ashenzari


Innate Abilities, Weirdness & Mutations

You are very small and have problems with some larger weapons.
You are too small for most types of armour.
You have supernaturally acute eyesight. (SInv)
You cover ground extremely quickly. (Speed+++)


Message History

Found a stone staircase leading down.
The centaur shouts!
You see here 5 gold pieces.
The adder barely misses you. The hound misses you.
The centaur wields a +0 shortbow.
The centaur shoots an arrow.
The arrow hits you! The hound attacks as it pursues you! The hound misses you.
The centaur shoots an arrow.
The arrow misses you. The hound attacks as it pursues you! The hound bites you.
Found a book of Displacement.
Found a scroll labelled FYHOAM BASA and a brown potion.
Found an escape hatch in the floor.
The hound attacks as it pursues you! The hound closely misses you.
The centaur attacks as it pursues you!
The centaur unwields a +0 shortbow.
The centaur barely misses you. x2
Found a sapphire potion.
The hound attacks as it pursues you! The hound closely misses you.
The hound attacks as it pursues you! The hound barely misses you.
There is a stone staircase leading down here.
The hound closely misses you. The centaur closely misses you. x2
You climb downwards.
Found a chain mail and a hand axe.
There is a stone staircase leading up here.
You completely miss the hound. The hound bites you.
* * * LOW HITPOINT WARNING * * *
The hound closely misses you.
You hit the hound.
The hound is lightly wounded.
The hound misses you.
You hit the hound but do no damage.
The hound is lightly wounded.
The hound misses you.
You barely miss the hound.
The hound is lightly wounded.
The hound misses you.
The hound stops to sniff the ground.
The hound misses you.
You hit the hound but do no damage.
The hound is lightly wounded.
The hound bites you.
You die...

.####.......##
.............
............
#.......... #
#........###
#..#...........
[...........#
#...@....#
##...h.#.#
#.....##
#).....
#.......
#.......#
#.......#
###.#....


You could see a hound.

Vanquished Creatures
  5 adders
  A worm (D:4)
  An orc (D:3)
  A ball python (D:4)
  A bat (D:2)
  An endoplasm (D:4)
  3 hobgoblins (D:4)
  A quokka (D:4)
14 creatures vanquished.

Notes
Turn   | Place    | Note
-------+----------+-------------------------------------------
     0 | D:1      | Bravepunisher the Spriggan Monk began the quest for the
                  | Orb.
     0 | D:1      | Reached XP level 1. HP: 11/11 MP: 2/2
    21 | D:2      | Reached XP level 2. HP: 16/16 MP: 3/3
    31 | D:2      | Found a broken altar of Ashenzari.
   166 | D:4      | Reached skill level 5 in Dodging
   362 | D:4      | Reached XP level 3. HP: 17/19 MP: 4/4
   505 | D:5      | Entered Level 5 of the Dungeon
   961 | D:5      | Noticed a centaur
   979 | D:6      | Slain by a hound

Illustrated notes

Levels and vault maps discovered:
D:1:      dpeg_arrival_pits, layout_basic
D:2:      layout_loops_ring, basic_altar
D:3:      layout_rooms, mainiacjoe_overflow_six_doors_small, uniq_robin
D:4:      layout_basic, serial_rivers, chequers_serial_rivers_large_b,
          chequers_serial_rivers_marsh, chequers_serial_rivers_room_a,
          chequers_serial_rivers_micro_c, chequers_serial_rivers_room_b,
          chequers_jeans, minivault_27
D:5:      layout_cave_pools, nicolae_uskayaw_murder_on_the_dancefloor,
          nicolae_hepliaklqana_hippocampus, nicolae_overflow_hidden_temple,
          minmay_temple_entry_tees, portal_sewer_entry_c
D:6:      layout_cave_pools, minmay_checkerbox, uniq_sigmund

Skill      XL: |  1  2  3 |
---------------+----------+-----
Dodging        | 5 |  5.7
Fighting       | 3 |  3.0
Short Blades   | |  3.2

Action                     || total
---------------------------++-------
  Melee: Short sword       ||    94
    Use: Potion            ||     3
 Armour: Robe              ||    21
         Skin              ||    15
  Dodge: Dodged            ||    96

Table legend: (Time is in decaauts)
 A = Elapsed time spent in this place.
 B = Non-inter-level travel time spent in this place.
 C = Inter-level travel time spent in this place.
 D = Time resting spent in this place.
 E = Time spent auto-exploring this place.
 F = Levels seen in this place.
 G = Mean time per level.
                   A        B        C        D        E       F      G
               +--------+--------+--------+--------+--------+-----+--------+
         Total |    688 |    673 |     15 |     36 |    301 |   6 |  114.7 |
       Dungeon |    688 |    673 |     15 |     36 |    301 |   6 |  114.7 |
               +--------+--------+--------+--------+--------+-----+--------+

Top non-repeatable levels by time:
     D:4: 590 daAuts
     D:2: 51 daAuts
     D:5: 21 daAuts
     D:3: 19 daAuts
     D:6: 4 daAuts
     D:1: 1 daAuts
